Selects Special Operations Battlegroup
Selects M29 Weasel Recon Vehicle
Construct Weapon Support Center
Mechanized Support Center
Construct Medical Station
M3 75 mm Gun Motor Carriage
M3 75 mm Gun Motor Carriage
M3 75 mm Gun Motor Carriage
Selects P-47 Anti-Infantry Loiter
Selects UNKNOWN (2162291)
Selects P-47 Anti-Infantry Loiter
P-47 Anti-Infantry Loiter
M3 75 mm Gun Motor Carriage
M3 75 mm Gun Motor Carriage
M3 75 mm Gun Motor Carriage
Selects M4A1 Sherman Whizbang
M3 Armored Personnel Carrier
P-47 Anti-Infantry Loiter
Improved M9 Bazooka Rockets
P-47 Anti-Infantry Loiter